Map: 2000 Atmospheres LE

Players

Azure

  • Race: Terran Terran

Seither - Winner!

  • Race: Terran Terran

Event: DreamHack SC2 Masters 2021 Fall

VOD

Have the link to the VOD?

Description

Time

  • Played on: July 29, 2021, 6:58 a.m.
  • Length: 15:46

All games in this series

Show
View Real Time Build Order
Export as new Build Order

Azure Terran 

Build Orders:  

Get SALT Encoding   

  12  0:00  SCV  
  13  0:12  SCV  
  14  0:17  Supply Depot  
  14  0:24  SCV  
  15  0:38  SCV  
  15  0:39  Barracks  
  16  0:44  Refinery  
  16  0:50  SCV  
  16  0:53  Refinery  
  17  1:02  SCV  
  18  1:15  SCV  
  19  1:27  Supply Depot  
  19  1:28  Reaper, Orbital Command  
  20  1:48  Factory  
  20  1:53  SCV  
  21  2:00  Barracks Reactor  
  21  2:05  SCV  
  22  2:18  SCV  
  23  2:22  Command Center  
  23  2:30  SCV  
  23  2:32  Hellion  
  23  2:36  Reaper x2  
  28  2:40  Supply Depot  
  28  2:43  SCV  
  29  2:54  Starport  
  29  2:55  SCV  
  30  3:02  Hellion  
  32  3:08  Reaper x2  
  32  3:09  SCV  
  35  3:21  SCV  
  35  3:23  Supply Depot  
  35  3:25  Factory Tech Lab  
  36  3:32  Starport Tech Lab  
  36  3:33  SCV  
  37  3:37  Orbital Command  
  37  3:40  Marine x2  
  39  3:45  Refinery  
  39  3:49  Cyclone  
  39  3:53  SCV  
  42  3:57  Marine x2  
  44  4:04  SCV  
  47  4:12  SCV  
  47  4:15  Marine x2  
  50  4:17  Raven  
  50  4:18  SCV  
  50  4:23  Supply Depot  
  51  4:24  SCV  
  51  4:30  SCV  
  53  4:33  Marine x2, Supply Depot  
  53  4:37  SCV  
  56  4:42  SCV  
  56  4:46  Siege Tank  
  56  4:50  SCV  
  56  4:51  Marine x2  
  62  4:54  SCV  
  63  5:00  Raven  
  63  5:02  SCV  
  63  5:06  SCV  
  67  5:08  Supply Depot  
  67  5:11  Marine  
  67  5:12  Marine  
  67  5:14  SCV  
  70  5:18  SCV, Siege Tank  
  74  5:28  Supply Depot, Command Center  
  74  5:29  SCV  
  74  5:30  Marine  
  74  5:31  Marine  
  74  5:35  SCV  
  78  5:41  SCV  
  78  5:42  Refinery  
  79  5:47  SCV  
  78  5:53  SCV, Siege Tank  
  82  5:58  Viking x2  
  82  5:59  Marine, Stimpack  
  82  6:01  SCV, Barracks x2  
  88  6:07  Supply Depot, SCV  
  89  6:12  Engineering Bay x2  
  89  6:16  SCV  
  89  6:17  Marine  
  91  6:21  SCV  
  92  6:28  Siege Tank  
  95  6:34  Marine, Viking x2  
  95  6:36  SCV  
  95  6:39  SCV  
  102  6:42  Orbital Command  
  102  6:44  Terran Infantry Armor Level 1, Terran Infantry Weapons Level 1  
  102  6:47  Supply Depot x2  
  102  6:50  Barracks Reactor  
  102  6:51  Barracks Reactor  
  99  6:54  SCV  
  99  6:59  SCV  
  101  7:03  Siege Tank  
  101  7:08  Viking  
  105  7:18  SCV  
  105  7:19  Marine  
  89  7:30  Marine  
  89  7:31  Marine x3  
  89  7:35  Siege Tank  
  96  7:37  Marine  
  88  7:46  Orbital Command  
  88  7:47  Viking x2  
  88  7:48  Marine x2, SCV  
  88  7:49  Marine, SCV  
  95  7:51  Marine  
  95  7:54  Marine  
  95  7:58  Refinery  
  96  8:01  SCV  
  97  8:05  Barracks  
  97  8:06  Marine x2, Barracks  
  97  8:07  Supply Depot x2, Armory  
  97  8:10  Siege Tank  
  102  8:14  SCV x2  
  102  8:15  SCV  
  105  8:25  Marine  
  105  8:26  Marine x4, SCV x2  
  112  8:28  Sensor Tower  
  112  8:30  SCV  
  113  8:38  SCV x2  
  115  8:41  Viking  
  115  8:42  SCV  
  115  8:43  Marine x2  
  115  8:44  Viking  
  122  8:50  Marine x3, SCV  
  122  8:52  Refinery  
  122  8:53  Refinery  
  122  8:54  Combat Shield  
  122  8:55  Supply Depot  
  126  8:56  SCV  
  126  8:59  Missile Turret  
  127  9:04  Missile Turret  
  127  9:06  Siege Tank  
  127  9:07  Marine  
  127  9:08  Marine x3  
  127  9:09  Barracks Reactor  
  134  9:10  SCV x2  
  136  9:17  Marine x2  
  136  9:19  Supply Depot  
  136  9:20  Supply Depot  
  136  9:23  Viking x2  
  141  9:25  Marine  
  141  9:29  Marine  
  141  9:30  Marine x2  
  145  9:32  Terran Infantry Weapons Level 2  
  145  9:34  Supply Depot  
  145  9:35  Marine x2, SCV x2  
  149  9:42  Terran Infantry Armor Level 2  
  149  9:43  Marine  
  150  9:47  Marine x2  
  150  9:48  Marine  
  150  9:52  Marine x2  
  154  9:53  Marine x2  
  154  9:55  Viking, Siege Tank  
  158  10:00  Viking  
  158  10:01  Marine  
  161  10:08  Marine  
  161  10:11  Marine x5  
  167  10:16  Marine  
  167  10:19  Marine, Supply Depot  
  169  10:22  Factory  
  169  10:26  Marine  
  170  10:29  Marine  
  170  10:30  Marine x4  
  170  10:34  Marine, Viking  
  170  10:35  Viking  
  180  10:40  Siege Tank  
  183  10:47  Supply Depot x2  
  183  10:49  Marine x2  
  183  10:50  Marine x3  
  133  11:11  Marine x2  
  120  11:12  Marine x2  
  120  11:14  SCV x2  
  120  11:16  Factory Tech Lab  
  128  11:19  Marine x2  
  128  11:20  Marine  
  128  11:21  Medivac  
  128  11:22  Medivac  
  128  11:24  Marine, Command Center  
  136  11:29  Marine x2  
  136  11:30  Marine x2  
  140  11:37  Marine x3, Siege Tank x2  
  146  11:45  Terran Vehicle Weapons Level 1  
  146  11:46  Missile Turret  
  146  11:48  Marine x2  
  146  11:51  Liberator x2  
  153  11:55  Marine x2  
  153  11:56  Marine x2  
  157  12:05  Marine  
  157  12:06  Marine  
  157  12:07  Marine x2  
  161  12:09  Siege Tank x2  
  161  12:11  Sensor Tower  
  161  12:13  Marine x3  
  170  12:16  Marine  
  171  12:23  Marine x2  
  171  12:25  Marine x2  
  175  12:31  Marine x3  
  175  12:34  Liberator  
  178  12:41  Siege Tank x2  
  174  12:45  Liberator  
  174  12:46  Marine x4  
  181  12:58  Marine x2  
  182  13:00  Marine  
  182  13:04  Marine x2  
  186  13:13  Marine x2, Siege Tank  
  186  13:14  Siege Tank  
  186  13:16  Marine  
  186  13:17  Marine, Liberator  
  200  13:26  Planetary Fortress  
  199  13:29  Marine  
  200  13:45  Siege Tank  
  200  13:46  Siege Tank  
  189  13:51  Marine x3  
  191  13:59  Marine x3  
  175  14:04  Marine  
  175  14:05  Marine  
  175  14:08  Marine  
  175  14:09  Marine x2  
  153  14:17  Marine x3  
  153  14:18  Siege Tank x2  
  153  14:22  Marine  
  164  14:25  SCV x3  
  168  14:37  SCV  
  164  14:44  Marine  
  164  14:50  Siege Tank x2  
  164  14:51  Marine  
  138  15:02  Marine  
  117  15:08  Viking  
  117  15:11  Marine  
  86  15:19  Marine  
  86  15:20  SCV x2  
  79  15:32  SCV  
  79  15:33  SCV  
Show
View Real Time Build Order
Export as new Build Order

Seither Terran - Winner!

Build Orders:  

Get SALT Encoding   

  12  0:00  SCV  
  13  0:12  SCV  
  14  0:16  Supply Depot  
  14  0:24  SCV  
  15  0:38  SCV  
  15  0:40  Barracks  
  16  0:43  Refinery  
  16  0:50  SCV  
  16  0:53  Refinery  
  17  1:02  SCV  
  18  1:14  SCV  
  19  1:27  Reaper, Orbital Command  
  19  1:28  Supply Depot  
  20  1:43  Factory  
  20  1:53  SCV  
  21  1:59  Reaper  
  22  2:05  SCV  
  23  2:19  Command Center  
  23  2:22  SCV  
  24  2:28  Hellion  
  26  2:31  Barracks Reactor  
  26  2:39  SCV  
  26  2:42  Starport  
  27  2:50  Supply Depot  
  27  2:51  Factory Tech Lab  
  27  2:53  SCV  
  28  3:05  SCV  
  28  3:08  Marine x2  
  28  3:12  Siege Tank  
  34  3:18  SCV  
  35  3:27  Medivac  
  35  3:29  Marine x2  
  35  3:31  SCV  
  40  3:35  Orbital Command  
  40  3:43  Refinery, SCV  
  41  3:49  Cyclone  
  44  3:59  Marine x2  
  44  4:02  Starport Tech Lab  
  44  4:04  SCV  
  44  4:05  SCV  
  46  4:16  SCV  
  46  4:17  Marine x2, SCV  
  50  4:28  SCV  
  50  4:29  SCV, Raven  
  54  4:37  Supply Depot  
  54  4:44  Supply Depot  
  54  4:58  Marine x2  
  54  4:59  SCV x2, Siege Tank  
  61  5:11  SCV x2  
  61  5:14  Command Center  
  63  5:16  Raven  
  65  5:21  Marine  
  65  5:22  Marine  
  65  5:25  SCV x2  
  65  5:28  Supply Depot  
  69  5:39  SCV  
  69  5:40  Refinery, Supply Depot  
  70  5:46  Marine  
  70  5:49  Marine, SCV  
  75  5:50  Siege Tank  
  75  5:57  SCV  
  76  6:02  SCV  
  77  6:04  Barracks  
  77  6:05  Barracks  
  77  6:09  SCV  
  78  6:13  Supply Depot  
  78  6:14  SCV  
  79  6:21  Marine, Viking x2, Stimpack  
  79  6:24  Siege Tank  
  86  6:27  SCV x2  
  88  6:34  Orbital Command  
  88  6:38  Engineering Bay  
  88  6:39  Engineering Bay  
  88  6:42  Marine  
  88  6:44  SCV x2  
  91  6:52  Barracks Reactor  
  91  6:55  Barracks Reactor, Viking x2  
  91  6:57  SCV x2  
  97  7:02  Orbital Command  
  97  7:08  Siege Tank  
  97  7:09  Supply Depot, Terran Infantry Weapons Level 1  
  97  7:10  Supply Depot  
  97  7:14  Terran Infantry Armor Level 1  
  97  7:15  SCV x2  
  100  7:27  SCV x2  
  87  7:33  Marine x4  
  91  7:38  Viking x2  
  91  7:40  Siege Tank  
  91  7:42  SCV  
  91  7:43  SCV  
  87  7:50  SCV  
  82  7:52  Sensor Tower  
  82  7:55  SCV x2  
  82  7:58  Marine x4  
  83  7:59  Marine  
  83  8:03  SCV  
  89  8:07  SCV  
  89  8:10  Viking x2  
  94  8:15  SCV x2  
  94  8:19  SCV  
  97  8:21  Combat Shield, Siege Tank  
  97  8:22  Marine x2  
  102  8:27  Refinery  
  102  8:29  Refinery, Supply Depot  
  102  8:30  Armory  
  102  8:31  SCV  
  102  8:33  Missile Turret  
  103  8:38  Marine x3  
  106  8:43  Barracks  
  106  8:45  Barracks  
  106  8:53  Marine x2  
  106  8:55  Medivac x2  
  112  8:56  Siege Tank  
  112  8:58  SCV  
  112  8:59  SCV x2  
  118  9:05  Marine  
  118  9:06  Marine  
  118  9:09  Supply Depot, Command Center  
  120  9:12  Supply Depot  
  120  9:17  Missile Turret  
  119  9:24  Marine x3  
  119  9:25  Marine x2  
  124  9:31  Barracks Reactor  
  124  9:32  Barracks Reactor, Medivac x2  
  124  9:33  Siege Tank  
  124  9:36  Supply Depot, Terran Infantry Weapons Level 2  
  124  9:38  Terran Infantry Armor Level 2, Supply Depot  
  131  9:46  Marine x4  
  135  9:54  Factory  
  132  10:00  Barracks Reactor  
  132  10:03  Marine  
  132  10:04  Marine x2  
  132  10:05  Siege Tank  
  136  10:11  Marine x3  
  136  10:12  Marine x2  
  138  10:20  Viking  
  138  10:21  Marine x2, Viking  
  142  10:22  Marine  
  142  10:24  Supply Depot x2  
  145  10:29  Marine x2  
  146  10:37  Marine x2  
  146  10:38  Marine x3  
  146  10:39  Marine, Siege Tank x2  
  146  10:40  Sensor Tower  
  156  10:50  Viking x2  
  160  10:59  Marine x2  
  160  11:00  Marine x4  
  154  11:08  Marine x2  
  154  11:09  Marine x2  
  135  11:11  Siege Tank x2  
  135  11:14  Planetary Fortress  
  135  11:17  Marine x4  
  144  11:20  Medivac x2  
  144  11:21  SCV  
  144  11:22  SCV x2  
  151  11:33  SCV  
  151  11:36  Marine x3  
  155  11:42  Barracks  
  155  11:43  Refinery  
  155  11:44  Refinery, Barracks  
  155  11:45  Barracks  
  155  11:48  Siege Tank  
  155  11:49  Siege Tank  
  155  11:53  Medivac x2  
  165  11:55  Command Center  
  165  12:00  Terran Infantry Weapons Level 3  
  164  12:01  Supply Depot  
  164  12:03  Marine x4  
  168  12:22  Marine x2  
  168  12:23  Marine x3  
  168  12:24  Terran Infantry Armor Level 3  
  172  12:40  Barracks Reactor  
  172  12:41  Barracks Reactor x2  
  168  12:44  Siege Tank x2  
  168  12:45  Terran Vehicle Weapons Level 1, Medivac  
  168  12:46  Marine x3  
  173  13:02  Sensor Tower  
  173  13:04  Marine x4  
  173  13:05  Marine x4  
  175  13:09  Planetary Fortress  
  175  13:11  Marine x2  
  173  13:20  Marine x6  
  173  13:22  Marine x2  
  178  13:31  Marine x8  
  178  13:32  Siege Tank  
  178  13:33  Siege Tank  
  192  13:37  Marine x2  
  192  13:38  Marine x2, Medivac x2  
  197  14:00  Marine x10  
  197  14:04  Marine x3  
  197  14:05  Marine, Siege Tank  
  196  14:10  Command Center  
  189  14:24  Marine x3  
  189  14:25  Marine x8  
  185  15:01  Marine x2  
  185  15:02  Marine x2  
  178  15:08  Marine x3  
  178  15:09  Marine x3  
  178  15:14  Siege Tank x2  
  168  15:22  Marine x6  
  168  15:27  Marine x8  
  168  15:28  Marine x2  

Tags
 
Add a new tag
Caveats
  • Supply blocks, unpowered buildings, or Contaminate may cause inaccurate times.
  • Supply counts are checked every 10 seconds.